 Dungeon Crawl Stone Soup version 0.31-a0-851-g7ff8af7976 (webtiles) character file.

Game seed: 8236551599488378011

435 Dirtsage the Ruffian (level 7, 0/69 HPs)
             Began as an Octopode Shapeshifter on Oct 7, 2023.
             Was a Follower of Wu Jian.
             Slain by an ogre
             ... wielding a +0 giant club
              (7 damage)
             ... on level 5 of the Dungeon.
             The game lasted 00:07:14 (3842 turns).

Dirtsage the Ruffian (Octopode Shapeshifter)        Turns: 3842, Time: 00:07:14

Health: 0/69       AC: 23    Str: 15    XL:     7   Next: 0%
Magic:  7/7        EV:  2    Int: 12    God:    Wu Jian [*.....]
Gold:   242        SH:  0    Dex: 12    Spells: 6/6 levels left

rFire   . .          .
                       - Unarmed
rCold   . . .        (no shield)
rNeg    + . .        (helmet currently unavailable)
rPois   +            (no amulet)
rElec   .            N - ring of positive energy
rCorr   +            C - ring of resist corrosion
SInv    +            S - ring of see invisible
Will    .....        (no ring)
Stlth   +            (no ring)
HPRegen 0.31/turn    (no ring)
MPRegen 0.10/turn    (no ring)
                     (no ring)

%: no passive effects
@: tree-form
A: stationary, stasis, torment immunity, boosted hp, almost no armour,
(amphibious), 8 rings, (camouflage 1), (gelatinous body 1), (nimble swimmer 1),
(tentacles)
a: Renounce Religion


You were on level 5 of the Dungeon.
You worshipped Wu Jian.
Wu Jian was aware of your devotion.
You were a tree.
You visited 1 branch of the dungeon, and saw 5 of its levels.

You collected 242 gold pieces.

Inventory:

Armour
 h - a +0 hat
Magical Staves
 e - a staff of conjuration
Jewellery
 C - a ring of resist corrosion (right branch)
 N - a ring of positive energy (left branch)
 S - a ring of see invisible (on tentacle)
Talismans
 b - a beast talisman
 c - a flux talisman
Wands
 x - a wand of flame (7)
Scrolls
 d - a scroll of amnesia {unknown}
 i - a scroll of fog {unknown}
 j - a scroll of blinking {unknown}
 k - a scroll of vulnerability {unknown}
 n - a scroll of fear {unknown}
 o - 2 scrolls of revelation
 p - a scroll of noise {unknown}
 t - 2 scrolls of teleportation
 u - 2 scrolls of poison
Potions
 f - 4 potions of mutation
 g - 2 potions of enlightenment
 l - 2 potions of heal wounds
 m - a potion of might {unknown}
 q - 2 potions of curing
 r - a potion of degeneration {unknown}
 s - a potion of magic {unknown}
 v - 2 potions of resistance {unknown}
 w - a potion of cancellation {unknown}


   Skills:
 + Level 3.1 Fighting
 + Level 3.6 Dodging
 * Level 5.2 Unarmed Combat
 + Level 4.1 Shapeshifting


You had 6 spell levels left.
You didn't know any spells.
Your spell library contained the following spells:

 Spells                   Type           Power      Damage    Failure   Level
 Inner Flame              Hex/Fire       0%         N/A       69%         3
 Cause Fear               Hex            0%         N/A       97%         4
 Flame Wave               Conj/Fire      0%         2d4       97%         4
 Sticky Flame             Conj/Fire      0%         2d3       97%         4
 Fireball                 Conj/Fire      0%         3d3       100%        5
 Dragon's Call            Summ           0%         N/A       100%        9


Dungeon Overview and Level Annotations

Branches:
Dungeon (5/15)
 Temple: D:4-7

Altars:
Trog
Wu Jian

Shops:
D:4 :

Annotations:
D:4 1 runed translucent door, Crazy Yiuf


Innate Abilities, Weirdness & Mutations

You are a tree.
Your roots penetrate the ground, keeping you stationary.
You cannot be teleported.
You are immune to unholy pain and torment.
Your maximum health is greatly increased.
You cannot wear most types of armour.
((You are amphibious.))
You can wear up to eight rings at the same time.
((Your skin changes colour to match your surroundings (Stealth+).))
((Your rubbery body absorbs attacks. (AC +1, EV +1)))
((You are camouflaged when in or above water. (Stealth+)))
((You have tentacles for arms and can constrict up to eight enemies at once.))


Message History

The ogre completely misses you.
You take 2 damage, and have 12/46 hp.
Okay, then.
Okay, then.
Your transformation has ended.
You turn into a tree.
Your roots penetrate the ground.
The ufetubus hits you but does no damage. x4
You now have 18/69 hp.
You hit the ogre.
The ogre is lightly wounded.
The ogre hits you but does no damage.
The ufetubus hits you but does no damage.
The ufetubus hits you.
* * * LOW HITPOINT WARNING * * *
You closely miss the ogre.
The ogre is lightly wounded.
The ufetubus hits you but does no damage. x2
The ogre hits you with a +0 giant club.
* * * LOW HITPOINT WARNING * * *
You take 5 damage, and have 13/69 hp.
You smack the ogre!
The ogre is severely wounded.
The ufetubus hits you.
* * * LOW HITPOINT WARNING * * *
The ufetubus hits you but does no damage.
The centaur hits you but does no damage.
The centaur kicks you but does no damage.
The orc hits you but does no damage.
The ufetubus hits you but does no damage. x2
The centaur hits you but does no damage.
The centaur kicks you but does no damage.
You take 3 damage, and have 10/69 hp.
You barely miss the ogre.
The ogre is severely wounded.
The ufetubus hits you but does no damage. x2
The centaur hits you but does no damage.
The centaur completely misses you. The orc hits you with a +0 hand axe.
* * * LOW HITPOINT WARNING * * *
The ogre hits you with a +0 giant club!
You die...

#......# #......#
#......# #......#
#$.....# #......#
#...co.# .#...O♣.#
..'...5..##+#########..
###....................
#............<.....#
##+####............#
#............#
#............#
#......####### +......#


You could see an ogre, a centaur, an orc and an ufetubus.

Vanquished Creatures
  Blork the orc (D:4)
  A scorpion (D:4)
  A hound (D:4)
  An orc priest (D:3)
  Jessica (D:3)
  2 orc wizards (D:3)
  Robin (D:2)
  5 adders
  4 worms
  6 dart slugs
  3 orcs
  6 ball pythons
  10 endoplasms
  4 giant cockroaches
  13 goblins
  4 hobgoblins (D:2)
  4 jackals (D:4)
  6 quokkas
  5 bats
  7 frilled lizards
  8 kobolds
  9 rats
102 creatures vanquished.

Notes
Turn   | Place    | Note
-------+----------+-------------------------------------------
     0 | D:1      | Dirtsage the Octopode Shapeshifter began the quest for the
                  | Orb.
     0 | D:1      | Reached XP level 1. HP: 13/13 MP: 1/1
   140 | D:1      | Reached XP level 2. HP: 18/18 MP: 2/2
   426 | D:1      | Reached XP level 3. HP: 23/23 MP: 3/3
  1149 | D:2      | Reached XP level 4. HP: 29/29 MP: 4/4
  1310 | D:2      | Noticed Robin
  1350 | D:2      | Killed Robin
  1351 | D:2      | Reached skill level 4 in Unarmed Combat
  1765 | D:2      | Reached XP level 5. HP: 15/34 MP: 5/5
  2183 | D:3      | Found an ornate altar of the Wu Jian Council.
  2224 | D:3      | Became a worshipper of the Wu Jian Council
  2409 | D:3      | Noticed Jessica
  2414 | D:3      | Killed Jessica
  2556 | D:3      | Found a faded altar of an unknown god.
  2640 | D:4      | Noticed Blork the orc
  2770 | D:4      | Reached XP level 6. HP: 37/41 MP: 6/6
  3030 | D:4      | Found a runed translucent door.
  3031 | D:4      | Noticed Crazy Yiuf
  3079 | D:4      | Found Cadod's Book Boutique.
  3140 | D:4      | Reached * piety under Wu Jian
  3262 | D:3      | Reached skill level 5 in Unarmed Combat
  3584 | D:4      | Found a bloodstained altar of Trog.
  3634 | D:4      | Killed Blork the orc
  3635 | D:4      | Reached XP level 7. HP: 25/46 MP: 7/7
  3823 | D:5      | Entered Level 5 of the Dungeon
  3842 | D:5      | Slain by an ogre

Illustrated notes

Levels and vault maps discovered:
D:1:      dpeg_arrival_more_subterranean_lakeside_camping, layout_basic,
          minmay_tetromino_l2
D:2:      layout_basic, hex_medium, minmay_indecisive_spiral, uniq_robin
D:3:      layout_basic, mainiacjoe_overflow_catwalk,
          shapermc_ecumenical_altar_pompeii, kennysheep_orc_chapel, uniq_jessica
D:4:      layout_gridville, general_overflow_altar, serial_shops, shop,
          uniq_blork_the_orc, uniq_crazy_yiuf_cottage
D:5:      layout_gridville, temple_doors_e, ebering_dispersal_statue_hall,
          hangedman_decor_lopped

Skill      XL: |  1  2  3  4  5  6 |
---------------+-------------------+-----
Fighting       | 2 3 |  3.1
Unarmed Combat | 4 5 |  5.2
Dodging        | 3 |  3.6
Shapeshifting  | 4 |  4.1

Action                     |  1- 3 |  4- 6 |  7- 9 || total
---------------------------+-------+-------+-------++-------
  Melee: Unarmed           |    77 |   145 |     7 ||   229
         Constrict         |    18 |    34 |       ||    52
         Tentacles         |    16 |    24 |       ||    40
         Punch             |     4 |     2 |       ||     6
Ability: Lunge             |       |    12 |     1 ||    13
    Use: Scroll            |       |     8 |       ||     8
         Potion            |       |     3 |     1 ||     4
   Stab: Sleeping          |     5 |    12 |       ||    17
 Armour: Skin              |    21 |    62 |    28 ||   111
  Dodge: Dodged            |    35 |    56 |     5 ||    96

Table legend: (Time is in decaauts)
 A = Elapsed time spent in this place.
 B = Non-inter-level travel time spent in this place.
 C = Inter-level travel time spent in this place.
 D = Time resting spent in this place.
 E = Time spent auto-exploring this place.
 F = Levels seen in this place.
 G = Mean time per level.
                   A        B        C        D        E       F      G
               +--------+--------+--------+--------+--------+-----+--------+
         Total |   3822 |   3602 |    220 |     56 |   2920 |   5 |  764.4 |
       Dungeon |   3822 |   3602 |    220 |     56 |   2920 |   5 |  764.4 |
               +--------+--------+--------+--------+--------+-----+--------+

Top non-repeatable levels by time:
     D:2: 1087 daAuts
     D:3: 1068 daAuts
     D:1: 881 daAuts
     D:4: 767 daAuts
     D:5: 18 daAuts
